 Dungeon Crawl Stone Soup version 0.29.1-1-gd02db6906a (webtiles) character file.

Game seed: 11843879576740878597

180 H0rd4k the Insei (level 5, -1/33 HPs)
             Began as an Octopode Transmuter on Oct 16, 2022.
             Killed from afar by an orc wizard (5 damage)
             ... with a magic dart
             ... on level 4 of the Dungeon.
             The game lasted 00:02:23 (2879 turns).

H0rd4k the Insei (Octopode Transmuter)              Turns: 2879, Time: 00:02:24

Health: -1/33      AC:  5    Str:  9    XL:     5   Next: 60%
Magic:  7/8        EV: 13    Int: 17    God:
Gold:   183        SH:  0    Dex: 13    Spells: 7/8 levels left

rFire   . . .      SeeInvis .     - Unarmed
rCold   . . .      Faith    .   (no shield)
rNeg    . . .      Spirit   .   (helmet currently unavailable)
rPois   .          Reflect  .   (no amulet)
rElec   .          Harm     .   e - +4 ring of protection
rCorr   .          Rampage  .   (no ring)
Will    .....                   (no ring)
Stlth   +++.......              (no ring)
HPRegen 0.11/turn               (no ring)
MPRegen 0.11/turn               (no ring)
                                (no ring)
                                (no ring)

@: appendages
A: tentacle spike 3, almost no armour, amphibious, 8 rings, camouflage 1,
gelatinous body 1, (nimble swimmer 1), tentacles
a: End Transformation


You were on level 4 of the Dungeon.
One of your tentacles had grown a beastly spike.
You visited 1 branch of the dungeon, and saw 4 of its levels.

You collected 183 gold pieces.

Inventory:

Missiles
 m - 2 poisoned darts
Magical Staves
 f - a staff of death
Jewellery
 e - a +4 ring of protection (left tentacle)
 n - a +4 ring of evasion
Scrolls
 b - 2 scrolls of teleportation {unknown}
 d - 2 scrolls of identify {unknown}
 h - 2 scrolls of summoning {unknown}
 i - a scroll of fog {unknown}
 o - 3 scrolls of vulnerability {unknown}
Potions
 a - a potion of lignification
 c - a potion of might {unknown}
 g - 4 potions of flight {unknown}
 j - a potion of heal wounds {unknown}
 k - a potion of curing {unknown}
 l - a potion of attraction {unknown}
 p - a potion of resistance {unknown}


   Skills:
 + Level 1.1 Fighting
 + Level 2.6 Dodging
 + Level 4.0 Stealth
 + Level 4.3 Unarmed Combat
 + Level 2.4 Spellcasting
 + Level 2.5 Transmutations


You had 7 spell levels left.
You knew the following spells:

 Your Spells              Type           Power      Damage    Failure   Level
a - Beastly Appendage     Tmut           20%        N/A       7%          1

Your spell library contained the following spells:

 Spells                   Type           Power      Damage    Failure   Level
 Wereblood                Tmut           10%        N/A       10%         2
 Spider Form              Tmut/Pois      6%         N/A       32%         3
 Ice Form                 Ice/Tmut       6%         N/A       73%         4


Dungeon Overview and Level Annotations

Branches:
Dungeon (4/15)
 Temple: D:4-7

Altars:

Annotations:
D:4 exclusion: phantom, Menkaure


Innate Abilities, Weirdness & Mutations

One of your tentacles has grown a beastly spike.
You cannot wear most types of armour.
You are amphibious.
You can wear up to eight rings at the same time.
Your skin changes colour to match your surroundings (Stealth+).
Your rubbery body absorbs attacks. (AC +1, EV +1)
((You are camouflaged when in or above water. (Stealth+)))
You have tentacles for arms and can constrict up to eight enemies at once.


Message History

An orc wizard is nearby!
An orc wizard is nearby!
There is an open door here.
Casting: Beastly Appendage (safe; 7% risk of failure)
Confirm with . or Enter, or press ? or * to list all spells.
One of your tentacles grows a vicious spike.
An orc comes into view. It is wielding a +0 dagger.
An orc priest comes into view. It is wielding a +0 hand axe.
The orc wizard hits you with a +0 dagger.
There is an open door here.
The orc shouts!
You tentacle-slap the orc wizard but do no damage.
Your grab misses the orc wizard.
You pierce the orc wizard.
You squeeze the orc wizard, but do no damage.
The orc wizard is lightly wounded.
You hear a shout!
The orc wizard casts a spell at you. You resist with some effort.
You closely miss the orc wizard. Your grab misses the orc wizard.
You pierce the orc wizard.
Your squeeze misses the orc wizard.
The orc wizard is lightly wounded.
The orc wizard hits you with a +0 dagger.
The orc attacks as you move away! The orc hits you but does no damage.
The orc wizard gestures at you while chanting.
The puff of flame hits you!
You barely miss the orc. You grab the orc. You constrict the orc.
The orc wizard casts a spell.
The orc wizard flickers and vanishes!
Deactivating autopickup; reactivate with Ctrl-A.
The orc escapes!
The orc priest mumbles some strange prayers to Beogh against you.
Pain shoots through your body!
* * * LOW HITPOINT WARNING * * *
You tentacle-slap the orc. You grab the orc. You tentacle-slap the orc.
The orc is almost dead.
You constrict the orc.
You kill the orc!
A magic dart appears from out of thin air!
The magic dart hits you.
You die...

..##.......'......#
#...#
###........#......#
#[########......#
#...............#
#...............#
#...............#
#.........###'#######
#.........#....##...#
#.........#...@'o)..#
#.........#...)#{.......
#.........#....#........
#.........#....#........
#.....[...##############
###########


You could see an orc priest.

Vanquished Creatures
  A hound (D:4)
  Jessica (D:2)
  An iguana (D:4)
  An adder (D:3)
  3 worms
  2 dart slugs (D:1)
  5 orcs
  5 bats
  11 endoplasms
  2 giant cockroaches
  9 goblins
  6 hobgoblins
  3 jackals (D:1)
  4 kobolds
  11 ball pythons
  A frilled lizard (D:3)
  7 rats
73 creatures vanquished.

Vanquished Creatures (others)
  A plant (D:1)
1 creature vanquished.

Grand Total: 74 creatures vanquished

Notes
Turn   | Place    | Note
-------+----------+-------------------------------------------
     0 | D:1      | H0rd4k the Octopode Transmuter began the quest for the Orb.
     0 | D:1      | Reached XP level 1. HP: 13/13 MP: 3/3
   174 | D:1      | Reached XP level 2. HP: 18/18 MP: 5/5
   665 | D:1      | Reached XP level 3. HP: 22/23 MP: 6/6
   687 | D:1      | Found a faded altar of an unknown god.
  1013 | D:1      | Reached skill level 1 in Stealth
  1495 | D:2      | Noticed Jessica
  1505 | D:2      | Killed Jessica
  1506 | D:2      | Reached XP level 4. HP: 14/28 MP: 5/7
  2395 | D:3      | Reached XP level 5. HP: 33/33 MP: 8/8
  2791 | D:4      | Noticed Menkaure
  2791 | D:4      | Noticed a phantom
  2879 | D:4      | Killed from afar by an orc wizard

Illustrated notes

Levels and vault maps discovered:
D:1:      dpeg_arrival_connections, layout_loops_corners,
          shapermc_ecumenical_altar_acropolis
D:2:      layout_rooms, wad_orctagon, uniq_jessica
D:3:      layout_rooms
D:4:      layout_gridville, gammafunk_temple_overflow_wave,
          minmay_misc_feat_columns, kennysheep_generic_room_6, uniq_menkaure

Skill      XL: |  1  2  3  4  5 |
---------------+----------------+-----
Stealth        | 2 3 4 |  4.0
Unarmed Combat | 4 |  4.3
Fighting       | |  1.1
Dodging        | |  2.6
Spellcasting   | |  2.4
Transmutations | |  2.5

Action                   |  1- 3 |  4- 6 || total
-------------------------+-------+-------++-------
Melee: Unarmed           |    78 |    75 ||   153
       Constrict         |    21 |    17 ||    38
       Tentacles         |    17 |    17 ||    34
       Punch             |     2 |     3 ||     5
       Kick              |     3 |    16 ||    19
 Cast: Beastly Appendage |     3 |    11 ||    14
 Stab: Sleeping          |    10 |    15 ||    25
Armor: Skin              |     4 |    13 ||    17
Dodge: Dodged            |    46 |    41 ||    87
